 Dungeon Crawl Stone Soup version 0.27-a0-323-gbd089401bb (webtiles) character file.

Game seed: 5939316816995830704

176 ArcanElement the Covered (level 5, -2/42 HPs)
             Began as a Human Fighter on Feb 10, 2021.
             Slain by an orc warrior
             ... wielding a +2 hand axe of freezing
              (3 damage)
             ... on level 3 of the Dungeon.
             The game lasted 00:06:39 (4257 turns).

ArcanElement the Covered (Human Fighter)            Turns: 4257, Time: 00:06:39

Health: -2/42      AC:  8    Str: 18    XL:     5   Next: 86%
Magic:  5/5        EV:  8    Int:  8    God:
Gold:   132        SH:  9    Dex: 12    Spells: 4/4 levels left

rFire    . . .     SeeInvis .   a - +0 long sword
rCold    . . .     Faith    .   c - +0 kite shield
rNeg     . . .     Spirit   .   b - +0 scale mail
rPois    .         Reflect  .   k - +0 helmet
rElec    .         Harm     .   (no cloak)
rCorr    .         Rampage  .   (no gloves)
Will     .....                  (no boots)
Stlth    ..........             (no amulet)
HPRegen  0.14/turn              (no ring)
MPRegen  0.09/turn              (no ring)

@: no status effects
A: no striking features
a: no special abilities


You were on level 3 of the Dungeon.
You visited 1 branch of the dungeon, and saw 3 of its levels.

You collected 132 gold pieces.

Inventory:

Hand Weapons
 a - a +0 long sword (weapon)
 f - a +2 mace of holy wrath
Missiles
 j - 2 boomerangs (quivered)
Armour
 b - a +0 scale mail (worn)
 c - a +0 kite shield (worn)
 k - a +0 helmet (worn)
Scrolls
 e - a scroll of enchant weapon
 g - 2 scrolls of teleportation
 h - 2 scrolls of enchant armour
 i - a scroll of blinking
 n - 3 scrolls of fear
 p - a scroll of identify
Potions
 d - a potion of might
 l - a potion of cancellation
 m - a potion of mutation
 o - 2 potions of curing


   Skills:
 + Level 3.7 Fighting
 + Level 3.0 Long Blades
 - Level 0.7 Maces & Flails
 + Level 3.7 Armour
 + Level 2.0 Dodging
 + Level 3.7 Shields


You had 4 spell levels left.
You didn't know any spells.
Your spell library was empty.

Dungeon Overview and Level Annotations

Branches:
Dungeon (3/15)

Altars:
Dithmenos
Makhleb
Sif Muna
Yredelemnul


Message History

You block the orc's attack. x2
You hit the orc warrior.
The orc warrior is lightly wounded.
You block the orc's attack. The orc barely misses you.
You barely miss the orc wizard.
The orc wizard is severely wounded.
The orc warrior hits you with a +2 hand axe of freezing!
The orc warrior freezes you.
The orc wizard gestures at you while chanting.
You resist with some effort.
The orc hits you from afar with a +0 trident.
You block the orc warrior's attack.
You closely miss the orc warrior.
The orc warrior is lightly wounded.
The orc warrior closely misses you.
You slash the orc warrior!
The orc warrior is heavily wounded.
The orc warrior hits you but does no damage.
You hit the orc warrior but do no damage.
The orc warrior is heavily wounded.
The orc warrior hits you with a +2 hand axe of freezing!
The orc warrior freezes you. The orc warrior barely misses you.
You hit the orc warrior.
The orc warrior is heavily wounded.
The orc warrior hits you with a +2 hand axe of freezing.
The orc warrior freezes you.
You hit the orc warrior.
The orc warrior is severely wounded.
You block the orc warrior's attack.
You hit the orc warrior.
The orc warrior is severely wounded.
The orc warrior hits you with a +2 hand axe of freezing!
The orc warrior freezes you.
The orc wizard casts a spell at itself.
The orc wizard flickers and vanishes!
Deactivating autopickup; reactivate with Ctrl-A.
The orc warrior hits you with a +2 hand axe of freezing!
* * * LOW HITPOINT WARNING * * *
The orc warrior freezes you.
You die...

.#........#........#.#
..........#........#.# .
.#.#......#..o.....#..
.. #^.....#.o......#..
....##.###..o.#.....#...
.........(..............
.......###....####......
..#...####o...####.####.
.......@o{o.......>.....
..#...#####...####.####.
..... #....# #......
..... #....####.####.
.#.... #....))........
.. .r.. #...)#####...#.
. .K... #............##
......#.......##.....
..r............#.#<..


You could see an orc warrior and 2 orcs.

Vanquished Creatures
  2 orc wizards (D:3)
  3 gnolls
  6 adders
  3 worms
  2 dart slugs
  A leopard gecko (D:1)
  3 orcs (D:3)
  3 giant cockroaches
  6 hobgoblins
  4 jackals (D:1)
  2 quokkas (D:2)
  3 bats
  4 frilled lizards
  3 goblins
  8 kobolds
  11 rats
64 creatures vanquished.

Vanquished Creatures (others)
  An orc (D:3)
1 creature vanquished.

Grand Total: 65 creatures vanquished

Notes
Turn   | Place    | Note
-------+----------+-------------------------------------------
     0 | D:1      | ArcanElement the Human Fighter began the quest for the Orb.
     0 | D:1      | Reached XP level 1. HP: 18/18 MP: 1/1
   207 | D:1      | Reached XP level 2. HP: 24/24 MP: 2/2
   797 | D:1      | Reached XP level 3. HP: 29/29 MP: 3/3
  1387 | D:2      | Reached skill level 1 in Dodging
  1492 | D:2      | Reached XP level 4. HP: 25/35 MP: 4/4
  2812 | D:2      | Reached XP level 5. HP: 37/41 MP: 5/5
  2838 | D:2      | Found a burning altar of Makhleb.
  2838 | D:2      | Noticed a green death
  4108 | D:3      | Found a basalt altar of Yredelemnul.
  4108 | D:3      | Found a shadowy altar of Dithmenos.
  4108 | D:3      | Found a shimmering blue altar of Sif Muna.
  4220 | D:3      | Noticed an orc warrior
  4257 | D:3      | HP: 1/42 [orc warrior/+2 hand axe of freezing (12)]
  4257 | D:3      | Slain by an orc warrior

Illustrated notes

Levels and vault maps discovered:
D:1:      dpeg_arrival_leaves_temple_mockup, layout_loops_corners,
          minmay_misc_feat_chi, minmay_pentomino_v2
D:2:      layout_basic, makhleb_altar_promises_db
D:3:      layout_basic, chequers_temple_overflow_statue_of_worship

Skill      XL: |  1  2  3  4  5 |
---------------+----------------+-----
Dodging        | 1 2 |  2.0
Long Blades    | 3 |  3.0
Fighting       | |  3.7
Maces & Flails | |  0.7
Armour         | |  3.7
Shields        | |  3.7

Action                   |  1- 3 |  4- 6 || total
-------------------------+-------+-------++-------
Melee: Long sword        |    69 |   196 ||   265
       Mace              |    11 |    10 ||    21
  Use: Scroll            |     3 |     5 ||     8
       Potion            |       |     3 ||     3
Armor: Scale mail        |    51 |    81 ||   132
       Skin              |       |     6 ||     6
Dodge: Dodged            |    25 |    79 ||   104
Block: Kite shield       |    51 |   129 ||   180
       Rpst.: Long sword |     8 |    23 ||    31

Table legend: (Time is in decaauts)
 A = Elapsed time spent in this place.
 B = Non-inter-level travel time spent in this place.
 C = Inter-level travel time spent in this place.
 D = Time resting spent in this place.
 E = Time spent auto-exploring this place.
 F = Levels seen in this place.
 G = Mean time per level.
                   A        B        C        D        E       F      G
               +--------+--------+--------+--------+--------+-----+--------+
         Total |   4404 |   4240 |    164 |   1649 |   1824 |   3 | 1468.0 |
       Dungeon |   4404 |   4240 |    164 |   1649 |   1824 |   3 | 1468.0 |
               +--------+--------+--------+--------+--------+-----+--------+

Top non-repeatable levels by time:
     D:1: 1777 daAuts
     D:2: 1594 daAuts
     D:3: 1031 daAuts
